SAA
BETHESDA ATOMS @ LONG ISLAND SEAWOLVES
08/29/2032
 
TOP OF THE 1ST
Bethesda Atoms batting - Pitching for Long Island Seawolves : LHP Mathieu Neri
Pitching: LHP Mathieu Neri
Batting: LHB Manuel Márquez 0-0: SINGLE (Groundball, 4D)
Batting: RHB José Luna 0-0: Ball
1-0: Called Strike
1-1: Ball
2-1: Foul Ball, location: 2F
2-2: Foul Ball, location: 2F
2-2: Ball
3-2: Fly out, F9 (Flyball, 9LMF)
Batting: RHB Renato Zuvic 0-0: Called Strike
0-1: Foul Ball, location: 2F
0-2: Ball
1-2: Ball
2-2: Ball
3-2: Strikes out swinging
Batting: RHB Andrés López 0-0: Swinging Strike
0-1: Ball
1-1: Ball
Wild Pitch!
Manuel Márquez to second
2-1: Called Strike
2-2: Ball
3-2: SINGLE (Flyball, 9S)
Manuel Márquez to third
Manuel Márquez scores
Batting: SHB Pedro Ortega 0-0: Foul Ball, location: 2F
0-1: Ball
1-1: Swinging Strike
1-2: Ball
2-2: Foul Ball, location: 2F
2-2: Ground out 5-3 (Groundball, 56S)
Top of the 1st over - 1 run, 2 hits, 0 errors, 1 left on base; Bethesda 1 - Long Island 0
BOTTOM OF THE 1ST
Long Island Seawolves batting - Pitching for Bethesda Atoms : LHP Luqman Barcoo
Pitching: LHP Luqman Barcoo
Batting: RHB Júlio Flores 0-0: Ball
1-0: SINGLE (Flyball, 5D)
Batting: RHB Sheldon Deshotels 0-0: Ball
1-0: Called Strike
1-1: Ball
2-1: Foul Ball, location: 2F
2-2: Ball
3-2: Ground out 5-3 (Groundball, 56S)
Júlio Flores to second
Batting: RHB Bill Rinck 0-0: Ball
1-0: Ball
2-0: Called Strike
2-1: Foul Ball, location: 2F
2-2: Ball
3-2: Ground out 1-3 (Groundball, 15S)
Batting: RHB Kyle Vandenbrink 0-0: Called Strike
0-1: Ball
1-1: Ball
2-1: Foul Ball, location: 2F
2-2: Strikes out swinging
Bottom of the 1st over - 0 runs, 1 hit, 0 errors, 1 left on base; Bethesda 1 - Long Island 0
TOP OF THE 2ND
Bethesda Atoms batting - Pitching for Long Island Seawolves : LHP Mathieu Neri
Batting: RHB Raúl Francisco 0-0: Ball
1-0: Ball
2-0: Called Strike
2-1: Fly out, F5 (Popup, 5SF)
Batting: LHB Jorge Ortíz 0-0: SOLO HOME RUN (Flyball, 9D), Distance : 358 ft
Batting: SHB Paul Wite 0-0: Ball
1-0: Ball
2-0: Foul Ball, location: 2F
2-1: Ball
3-1: Ball
Batting: RHB Diego Romero 0-0: Called Strike
0-1: Ball
1-1: Swinging Strike
1-2: Strikes out swinging
Batting: LHB Manuel Márquez 0-0: Called Strike
0-1: Called Strike
0-2: Ball
1-2: Ball
2-2: Foul Ball, location: 2F
2-2: Strikes out looking
Top of the 2nd over - 1 run, 1 hit, 0 errors, 1 left on base; Bethesda 2 - Long Island 0
BOTTOM OF THE 2ND
Long Island Seawolves batting - Pitching for Bethesda Atoms : LHP Luqman Barcoo
Batting: RHB Pablo Ledesma 0-0: Fly out, F9 (Flyball, 89M)
Batting: RHB Jesús Quintana 0-0: Ball
1-0: Ball
2-0: Ball
3-0: Base on Balls
Batting: LHB Cornelius Taitt 0-0: Ball
Jesús Quintana steals 2nd base
1-0: Ball
Jesús Quintana steals 3rd base
2-0: Fly out, F7 (Flyball, 7)
Runner from 3rd tags up, OUT at HOME
Bottom of the 2nd over - 0 runs, 0 hits, 0 errors, 0 left on base; Bethesda 2 - Long Island 0
TOP OF THE 3RD
Bethesda Atoms batting - Pitching for Long Island Seawolves : LHP Mathieu Neri
Batting: RHB José Luna 0-0: Ball
1-0: Ball
2-0: Ball
3-0: Base on Balls
Batting: RHB Renato Zuvic 0-0: Ball
1-0: Foul Ball, location: 2F
1-1: Ball
2-1: Swinging Strike
2-2: Foul Ball, location: 2F
2-2: Strikes out swinging
Batting: RHB Andrés López 0-0: Ball
José Luna is caught stealing 2nd base
1-0: Ball
2-0: Called Strike
2-1: Swinging Strike
2-2: Foul Ball, location: 2F
2-2: SINGLE (Groundball, 6MD)
Batting: SHB Pedro Ortega 0-0: Foul Ball, location: 2F
0-1: Foul Ball, location: 2F
0-2: Strikes out swinging
Top of the 3rd over - 0 runs, 1 hit, 0 errors, 1 left on base; Bethesda 2 - Long Island 0
BOTTOM OF THE 3RD
Long Island Seawolves batting - Pitching for Bethesda Atoms : LHP Luqman Barcoo
Batting: RHB Albert Covington 0-0: SINGLE (Groundball, 6) (infield hit)
Batting: RHB Jeff MacCamie 0-0: Ball
1-0: Swinging Strike
1-1: Foul Ball, location: 2F
1-2: Ball
2-2: Foul Ball, location: 2F
2-2: Ball
3-2: Fly out, F8 (Flyball, 8RM)
Batting: RHB Júlio Flores 0-0: Ball
1-0: Called Strike
1-1: Swinging Strike
1-2: Foul Ball, location: 2F
1-2: Strikes out swinging
Batting: RHB Sheldon Deshotels 0-0: Ball
Albert Covington steals 2nd base
1-0: Swinging Strike
1-1: Ball
2-1: Foul Ball, location: 2F
2-2: Ball
3-2: Base on Balls
Batting: RHB Bill Rinck 0-0: Fielders Choice at 2nd, 5-4 (Groundball, 5)
Bottom of the 3rd over - 0 runs, 1 hit, 0 errors, 2 left on base; Bethesda 2 - Long Island 0
TOP OF THE 4TH
Bethesda Atoms batting - Pitching for Long Island Seawolves : LHP Mathieu Neri
Batting: RHB Raúl Francisco 0-0: SINGLE (Flyball, 8RS)
Batting: LHB Jorge Ortíz 0-0: Ball
Raúl Francisco steals 2nd base
1-0: Ball
2-0: Ball
3-0: Called Strike
3-1: Ground out 5-3 (Groundball, 5D)
Batting: SHB Paul Wite 0-0: Ball
1-0: Ball
2-0: Ball
3-0: Base on Balls
Batting: RHB Diego Romero 0-0: Ball
Raúl Francisco steals 3rd base
1-0: Swinging Strike
1-1: Ball
2-1: Foul Ball, location: 2F
2-2: Strikes out swinging
Batting: LHB Manuel Márquez 0-0: Ground out 4-3 (Groundball, 4)
Top of the 4th over - 0 runs, 1 hit, 0 errors, 2 left on base; Bethesda 2 - Long Island 0
BOTTOM OF THE 4TH
Long Island Seawolves batting - Pitching for Bethesda Atoms : LHP Luqman Barcoo
Batting: RHB Kyle Vandenbrink 0-0: Ground out 5-3 (Groundball, 56S)
Batting: RHB Pablo Ledesma 0-0: Called Strike
0-1: Called Strike
0-2: Strikes out swinging
Batting: RHB Jesús Quintana 0-0: Called Strike
0-1: SINGLE (Flyball, 89M)
Batting: LHB Cornelius Taitt 0-0: DOUBLE (Line Drive, 78XD)
Jesús Quintana to third
Runner from 3rd tries for Home, SAFE, no throw
Batting: RHB Albert Covington 0-0: Swinging Strike
0-1: Foul Ball, location: 2F
0-2: Ball
1-2: Foul Ball, location: 2F
1-2: Ground out 2-3 (Groundball, 13S)
Bottom of the 4th over - 1 run, 2 hits, 0 errors, 1 left on base; Bethesda 2 - Long Island 1
TOP OF THE 5TH
Bethesda Atoms batting - Pitching for Long Island Seawolves : LHP Mathieu Neri
Batting: RHB José Luna 0-0: Called Strike
0-1: Ground out U3 (Groundball, 3S)
Batting: RHB Renato Zuvic 0-0: Ball
1-0: Fly out, F6 (Line Drive, 56D)
Batting: RHB Andrés López 0-0: Called Strike
0-1: Ground out 6-3 (Groundball, 6)
Top of the 5th over - 0 runs, 0 hits, 0 errors, 0 left on base; Bethesda 2 - Long Island 1
BOTTOM OF THE 5TH
Long Island Seawolves batting - Pitching for Bethesda Atoms : LHP Luqman Barcoo
Batting: RHB Jeff MacCamie 0-0: Ball
1-0: Ball
2-0: Swinging Strike
2-1: Swinging Strike
2-2: Strikes out swinging
Batting: RHB Júlio Flores 0-0: Ball
1-0: Ball
2-0: SINGLE (Groundball, 56) (infield hit)
Batting: RHB Sheldon Deshotels 0-0: Swinging Strike
0-1: Called Strike
0-2: Foul Ball, location: 2F
0-2: Grounds into double play, 4-6-3 (Groundball, 4M)
Bottom of the 5th over - 0 runs, 1 hit, 0 errors, 0 left on base; Bethesda 2 - Long Island 1
TOP OF THE 6TH
Bethesda Atoms batting - Pitching for Long Island Seawolves : LHP Mathieu Neri
Batting: SHB Pedro Ortega 0-0: Called Strike
0-1: Ball
1-1: Ball
2-1: Foul Ball, location: 2F
2-2: Ball
3-2: Ground out 6-3 (Groundball, 6M)
Batting: RHB Raúl Francisco 0-0: SINGLE (Flyball, 89M)
Batting: LHB Jorge Ortíz 0-0: Ball
1-0: Foul Ball, location: 2F
1-1: Swinging Strike
1-2: Foul Ball, location: 2F
1-2: Strikes out swinging
Batting: SHB Paul Wite 0-0: Foul Ball, location: 2F
0-1: Ball
1-1: Swinging Strike
1-2: Fly out, F8 (Flyball, 8LD)
Top of the 6th over - 0 runs, 1 hit, 0 errors, 1 left on base; Bethesda 2 - Long Island 1
BOTTOM OF THE 6TH
Long Island Seawolves batting - Pitching for Bethesda Atoms : LHP Luqman Barcoo
Batting: RHB Bill Rinck 0-0: SINGLE (Line Drive, 56)
Batting: RHB Kyle Vandenbrink 0-0: Ball
1-0: Foul Ball, location: 2F
1-1: Ball
2-1: Foul Ball, location: 2F
2-2: DOUBLE (Groundball, 5L)
Bill Rinck to third
Batting: RHB Pablo Ledesma 0-0: Swinging Strike
0-1: DOUBLE (Groundball, 5L)
Bill Rinck scores
Kyle Vandenbrink scores
Pitching: LHP Dave Tonnochy
Batting: RHB Jesús Quintana 0-0: Intentional Walk
Batting: LHB Cornelius Taitt 0-0: Called Strike
0-1: Called Strike
0-2: Ball
1-2: Strikes out swinging
Batting: RHB Albert Covington 0-0: Swinging Strike
0-1: Swinging Strike
0-2: Ball
1-2: SINGLE (Groundball, 6D)
Pablo Ledesma to third
Jesús Quintana to second
Runner from 3rd tries for Home, SAFE, no throw
Batting: RHB Jeff MacCamie 0-0: Ball
1-0: Ball
2-0: DOUBLE (Line Drive, 8LD)
Jesús Quintana scores
Albert Covington to third
Pitching: RHP Alonso Ruíz
Pinch Runner at 2nd Ramón Valdéz:
Batting: RHB Júlio Flores 0-0: SINGLE (Groundball, 6M)
Albert Covington scores
Ramón Valdéz to third
Runner from 3rd tries for Home, SAFE, throw made home
Júlio Flores to second
Batting: RHB Sheldon Deshotels 0-0: Called Strike
0-1: Foul Ball, location: 2F
0-2: Foul Ball, location: 2F
0-2: Ball
1-2: Ball
2-2: Ball
3-2: SINGLE (Line Drive, 89S)
Júlio Flores to third
Runner from 3rd tries for Home, SAFE, no throw
Batting: RHB Bill Rinck 0-0: Ball
1-0: Foul Ball, location: 2F
1-1: Swinging Strike
1-2: Foul Ball, location: 2F
1-2: Ball
2-2: Foul Ball, location: 2F
2-2: Grounds into double play, 5-4-3 (Groundball, 56)
Bottom of the 6th over - 7 runs, 7 hits, 0 errors, 0 left on base; Bethesda 2 - Long Island 8
TOP OF THE 7TH
Bethesda Atoms batting - Pitching for Long Island Seawolves : LHP Mathieu Neri
Batting: RHB Diego Romero 0-0: Called Strike
0-1: Swinging Strike
0-2: Ball
1-2: Fly out, F9 (Flyball, 89M)
Batting: LHB Manuel Márquez 0-0: Ball
1-0: SINGLE (Line Drive, 6MD)
Pitching: LHP Jon Trapani
Batting: RHB José Luna 0-0: Called Strike
0-1: Ground out 5-3 (Groundball, 56S)
Manuel Márquez to second
Batting: RHB Renato Zuvic 0-0: SINGLE (Groundball, 4M) (infield hit)
Manuel Márquez to third
Batting: RHB Andrés López 0-0: Called Strike
0-1: Ground out 5-3 (Groundball, 2L)
Top of the 7th over - 0 runs, 2 hits, 0 errors, 2 left on base; Bethesda 2 - Long Island 8
BOTTOM OF THE 7TH
Long Island Seawolves batting - Pitching for Bethesda Atoms : RHP Alonso Ruíz
Batting: RHB Kyle Vandenbrink 0-0: Ball
1-0: Fly out, F3 (Popup, 3)
Batting: RHB Pablo Ledesma 0-0: Ground out 6-3 (Groundball, 56)
Batting: RHB Jesús Quintana 0-0: Ball
1-0: Called Strike
1-1: Foul Ball, location: 2F
1-2: Foul Ball, location: 2F
1-2: Ball
2-2: Strikes out swinging
Bottom of the 7th over - 0 runs, 0 hits, 0 errors, 0 left on base; Bethesda 2 - Long Island 8
TOP OF THE 8TH
Bethesda Atoms batting - Pitching for Long Island Seawolves : LHP Jon Trapani
Now at C: Juan León
Now in CF: Jaime Moya
Batting: SHB Pedro Ortega 0-0: Foul Ball, location: 2F
0-1: Ball
1-1: Ball
2-1: Foul Ball, location: 2F
2-2: Ball
3-2: Fly out, F8 (Flyball, 8LXD)
Batting: RHB Raúl Francisco 0-0: Ball
1-0: Ball
2-0: Called Strike
2-1: Called Strike
2-2: Foul Ball, location: 2F
2-2: Ball
3-2: Ground out 6-3 (Groundball, 6)
Batting: LHB Jorge Ortíz 0-0: Swinging Strike
0-1: Called Strike
0-2: Ball
1-2: Ball
2-2: Ball
3-2: Foul Ball, location: 2F
3-2: Ground out 6-3 (Groundball, 56)
Top of the 8th over - 0 runs, 0 hits, 0 errors, 0 left on base; Bethesda 2 - Long Island 8
BOTTOM OF THE 8TH
Long Island Seawolves batting - Pitching for Bethesda Atoms : RHP Alonso Ruíz
Batting: LHB Cornelius Taitt 0-0: Called Strike
0-1: Ball
1-1: SOLO HOME RUN (Flyball, 89XD), Distance : 374 ft
Batting: RHB Albert Covington 0-0: Ball
1-0: SINGLE (Groundball, 56D)
Batting: RHB Ramón Valdéz 0-0: Ball
1-0: Called Strike
1-1: Fly out, F4 (Line Drive, 4)
Batting: RHB Júlio Flores 0-0: Foul Ball, location: 2F
0-1: Called Strike
0-2: Ball
1-2: Ball
2-2: Ball
3-2: Fly out, F3 (Popup, 34)
Batting: RHB Sheldon Deshotels 0-0: Called Strike
Albert Covington steals 2nd base
0-1: Foul Ball, location: 2F
0-2: Ball
1-2: Ball
2-2: Strikes out swinging
Bottom of the 8th over - 1 run, 2 hits, 0 errors, 1 left on base; Bethesda 2 - Long Island 9
TOP OF THE 9TH
Bethesda Atoms batting - Pitching for Long Island Seawolves : LHP Jon Trapani
Batting: SHB Paul Wite 0-0: Called Strike
0-1: Ball
1-1: Called Strike
1-2: Ball
2-2: Ball
3-2: Foul Ball, location: 2F
3-2: Foul Ball, location: 2F
3-2: Foul Ball, location: 2F
3-2: Fly out, F7 (Flyball, 7D)
Batting: RHB Diego Romero 0-0: Called Strike
0-1: Ball
1-1: Ball
2-1: Foul Ball, location: 2F
2-2: Ball
3-2: Fly out, F7 (Flyball, 7S)
Batting: LHB Manuel Márquez 0-0: Ball
1-0: Ground out 6-3 (Groundball, 6)
Top of the 9th over - 0 runs, 0 hits, 0 errors, 0 left on base; Bethesda 2 - Long Island 9
Wednesday, September 19th, 2018 - OOTP Baseball 18.8 Build 76